 Dungeon Crawl Stone Soup version 0.30-a0-953-g5f1da4a474 (webtiles) character file.

Game seed: 9767045234206763118

19804 voltaire321 the Fighter (level 12, -10/94 HPs)
             Began as a Demonspawn Air Elementalist on Mar 28, 2023.
             Was a Priest of Wu Jian.
             Mangled by a molten gargoyle
             ... wielding a +0 mace
              (13 damage)
             ... on level 4 of the Lair of Beasts.
             The game lasted 00:38:06 (13318 turns).

voltaire321 the Fighter (DsAE)                     Turns: 13318, Time: 00:38:07

Health: -10/94     AC: 17    Str: 17    XL:     12   Next: 39%
Magic:  24/24      EV: 14    Int: 17    God:    Wu Jian [***...]
Gold:   837        SH:  0    Dex: 17    Spells: 20/27 levels left

rFire   . . .      SeeInvis .    u - +12 hand axe of the Egg {elec, Dex+3 Stlth+}
rCold   . . .      Faith    .    (no shield)
rNeg    + . .      Spirit   .    i - +1 scale mail {rPois}
rPois   +          Reflect  .    O - +0 helmet
rElec   .          Rampage  .    D - +2 cloak
rCorr   +                        (no gloves)
Will    .....                    (no boots)
Stlth   ++                       p - amulet of regeneration
HPRegen 1.15/turn                d - +4 ring of protection
MPRegen 0.19/turn                K - ring "Fetifet" {rN+ rCorr Str+4}

@: no status effects
A: claws 2, hooves 1, demonic guardian 1, foul stench 2
a: Renounce Religion, Wall Jump, Serpent's Lash


You were on level 4 of the Lair of Beasts.
You worshipped Wu Jian.
Wu Jian was most pleased with you.
You visited 3 branches of the dungeon, and saw 15 of its levels.
You also visited: Bailey.

You collected 837 gold pieces.

Inventory:

Hand Weapons
 u - the +12 hand axe of the Egg (weapon) {elec, Dex+3 Stlth+}
   (You found it on level 6 of the Dungeon)

   Dex:       It affects your dexterity (+3).
   Stlth:     It makes you more stealthy.
 A - a +1 falchion of flaming
 U - a +4 hand axe
Missiles
 R - a throwing net
Armour
 i - a +1 scale mail of poison resistance (worn)
 j - the +2 cloak of the Thief {*Fog Slay-2 SInv Stlth+}
   (You found it in a bailey)

   *Fog:      It may release a thick cloud of smoke when the wearer is hurt.
   Slay:      It affects your accuracy & damage with ranged weapons and melee
   (-2).
   SInv:      It lets you see invisible.
   Stlth:     It makes you more stealthy.
 m - a +3 chain mail of positive energy
 r - a +2 robe of cold resistance
 B - a +1 leather armour of fire resistance
 D - a +2 cloak (worn)
 O - a +0 helmet (worn)
 P - a +0 buckler
Jewellery
 d - a +4 ring of protection (left claw)
 l - a +6 ring of strength
 p - an amulet of regeneration (around neck)
 q - a ring of poison resistance
 K - the ring "Fetifet" (right claw) {rN+ rCorr Str+4}
   (You found it on level 9 of the Dungeon)

   [ring of resist corrosion]

   Str:       It affects your strength (+4).
   rN:        It protects you from negative energy.
   rCorr:     It protects you from acid and corrosion.
Wands
 v - a wand of digging (7)
 y - a wand of paralysis (12)
 E - a wand of flame (53)
 I - a wand of roots (17)
Scrolls
 c - 3 scrolls of silence
 h - 2 scrolls of enchant weapon
 s - 2 scrolls of enchant armour
 F - a scroll of butterflies
 J - 3 scrolls of teleportation
 M - a scroll of amnesia
 Q - a scroll of magic mapping
 S - a scroll of fog
Potions
 a - a potion of berserk rage
 b - 5 potions of magic
 f - a potion of cancellation
 g - 4 potions of brilliance
 k - a potion of invisibility {unknown}
 n - 3 potions of lignification
 o - 4 potions of curing
 w - 3 potions of mutation
 x - 5 potions of heal wounds
 z - a potion of attraction {unknown}
 C - 2 potions of flight {unknown}
 G - a potion of ambrosia {unknown}
 L - a potion of haste
 T - a potion of resistance {unknown}


   Skills:
 + Level 8.7 Fighting
 + Level 6.7 Axes
 + Level 7.6 Armour
 + Level 8.1 Dodging
 - Level 1.7 Stealth
 - Level 8.0 Spellcasting
 + Level 4.3 Conjurations
 + Level 8.3 Air Magic


You had 20 spell levels left.
You knew the following spells:

 Your Spells              Type           Power      Damage    Failure   Level
a - Shock                 Conj/Air       100%       1d9       2%          1
b - Static Discharge      Conj/Air       56%        2-5/arc   3%          2
c - Airstrike             Air            17%        2d(3-19)  10%         4

Your spell library contained the following spells:

 Spells                   Type           Power      Damage    Failure   Level
 Swiftness                Air            35%        N/A       3%          3
 Kiss of Death            Conj/Necr      56%        2d9       12%         1
 Summon Small Mammal      Summ           24%        N/A       30%         1
 Lesser Beckoning         Tloc           12%        N/A       41%         2
 Call Canine Familiar     Summ           6%         N/A       65%         3
 Confusing Touch          Hex            6%         N/A       65%         3
 Gell's Gravitas          Tloc           6%         N/A       65%         3
 Summon Guardian Golem    Hex/Summ       6%         N/A       65%         3
 Teleport Other           Tloc           6%         N/A       65%         3
 Dispel Undead            Necr           6%         3d8       96%         4
 Manifold Assault         Tloc           6%         N/A       96%         4
 Dispersal                Tloc           3%         N/A       100%        6
 Disjunction              Tloc           3%         N/A       100%        8


Dungeon Overview and Level Annotations

Branches:
Dungeon (10/15)            Temple (1/1) D:4            Lair (4/5) D:10
 Shoals (0/4) Lair:3        Snake (0/4) Lair:3       Bailey (visited)
  Slime: Lair:4-5       Orc: D:9-12

Altars:
Ashenzari
Cheibriados
Dithmenos
Fedhas
Gozag
Hepliaklqana
Kikubaaqudgha
Makhleb
Nemelex Xobeh
Okawaru
Qazlal
Ru
Sif Muna
Trog
Uskayaw
Vehumet
Wu Jian
Xom
Yredelemnul

Shops:
D:9 (


Innate Abilities, Weirdness & Mutations

You have very sharp fingernails.
You have large cloven feet.
A weak demonic guardian rushes to your aid.
You sometimes emit foul miasma when damaged in melee.


Message History

Aim: a lava snake (lava, 51% to hit)
The zap hits the lava snake.
The lava snake is lightly wounded.
The lava snake spits lava at you. The glob of lava hits you!
The molten gargoyle blasts magma at you!
The bolt of magma hits you!!
The molten gargoyle hits you but does no damage.
You hit the molten gargoyle. Your kick misses the molten gargoyle.
The molten gargoyle is lightly damaged.
The molten gargoyle hits you with a +0 mace.
A demonic guardian appears!
You are engulfed in flames!
You slash the molten gargoyle!
You kick the molten gargoyle, but do no damage.
The molten gargoyle is heavily damaged.
The molten gargoyle hits you with a +0 mace!
* * * LOW HITPOINT WARNING * * *
You are engulfed in flames!
* * * LOW HITPOINT WARNING * * *
You hit the molten gargoyle but do no damage.
The molten gargoyle is heavily damaged.
The molten gargoyle completely misses you.
Your shadow imp hits the molten gargoyle but does no damage.
You slash the molten gargoyle!
You kick the molten gargoyle, but do no damage.
The molten gargoyle is severely damaged.
The molten gargoyle blasts magma at you!
The bolt of magma hits you but does no damage.
Your shadow imp hits the molten gargoyle but does no damage.
You hit the molten gargoyle. You kick the molten gargoyle.
The molten gargoyle is almost destroyed.
The molten gargoyle blasts magma at you!
The bolt of magma hits you!!
* * * LOW HITPOINT WARNING * * *
Your shadow imp hits the molten gargoyle but does no damage.
You hit the molten gargoyle but do no damage.
You kick the molten gargoyle, but do no damage.
The molten gargoyle is almost destroyed.
The molten gargoyle hits you with a +0 mace!
You die...

#≈≈≈ ###### #§≈≈≈ ###
###≈≈≈§## #≈≈≈≈§
#<####≈≈≈.≈§§### S≈...≈
##.##§≈§....§§§≈##
#......
#§)§≈§...##.§^≈≈≈##..≈≈#
8§≈.§..≈####§..§§≈≈.≈≈#
#≈.≈≈§§≈# ##...≈9..§#
##.##§§§§# #≈.§@5.≈≈#
#<####§≈≈#§≈§§§..§≈##
### ##≈≈≈###≈≈#### ####
####


You could see a molten gargoyle (ally target), a lava snake and a friendly
shadow imp (summoned).

Vanquished Creatures
  A skyshark (Lair:3)
  Pikel (D:8)
  13 elephants
  A molten gargoyle (Lair:4)
  Joseph (D:8)
  2 cane toads
  2 gargoyles
  5 komodo dragons
  Psyche (D:8)
  A rime drake (Lair:2)
  Maggie (D:7)
  3 trolls (D:9)
  A polar bear (Lair:2)
  Prince Ribbit (D:8)
  A hornet (D:9)
  A wraith (D:10)
  A vampire (Bailey)
  3 wyverns
  A basilisk (Lair:2)
  19 yaks
  2 steam dragons
  4 nagas (Lair:3)
  An acid dragon (D:10)
  8 water moccasins
  An orc warrior (D:8)
  2 ice beasts (D:6)
  2 sky beasts
  An ogre (D:6)
  A centaur (D:9)
  2 kobold brigands
  5 bullfrogs
  2 gnoll sergeants
  4 scorpions
  7 killer bees
  5 howler monkeys
  8 vampire bats (Bailey)
  8 wolf zombies (Bailey)
  2 electric eels
  A lava snake (Lair:4)
  7 hounds
  3 orc priests
  A water moccasin simulacrum (D:4)
  4 iguanas
  2 sleepcaps
  11 orc wizards
  A bullfrog simulacrum (D:4)
  A scorpion simulacrum (D:4)
  14 gnolls
  7 adders
  3 hound simulacra (D:4)
  2 white imps
  The ghost of jasper the Sneak, a weakling GrDe of Ru (D:4)
  7 dart slugs
  21 orcs
  6 bats
  6 endoplasms
  11 goblins
  8 hobgoblins
  A quokka (D:3)
  10 ball pythons
  5 frilled lizards
  21 kobolds
  20 orc zombies (Bailey)
  7 rats
306 creatures vanquished.

Vanquished Creatures (collateral kills)
  An elephant (Lair:2)
  A lava snake (Lair:4)
  2 gnolls (D:7)
4 creatures vanquished.

Vanquished Creatures (others)
  3 fungi
  24 plants
27 creatures vanquished.

Grand Total: 337 creatures vanquished

Notes
Turn   | Place    | Note
-------+----------+-------------------------------------------
     0 | D:1      | voltaire321 the Demonspawn Air Elementalist began the quest
                  | for the Orb.
     0 | D:1      | Reached XP level 1. HP: 13/13 MP: 3/3
   318 | D:1      | Discovered your monstrous ancestry.
   318 | D:1      | Gained mutation: You have sharp fingernails. [demonic
                  | ancestry]
   318 | D:1      | Reached XP level 2. HP: 19/20 MP: 1/5
   750 | D:1      | Reached skill level 1 in Fighting
   750 | D:1      | Reached XP level 3. HP: 26/26 MP: 2/6
   941 | D:1      | Learned a level 2 spell: Static Discharge
  1311 | D:2      | Found a faded altar of an unknown god.
  1534 | D:2      | Reached skill level 1 in Armour
  1797 | D:2      | Gained mutation: You may rarely emit foul miasma when
                  | damaged in melee. [demonic ancestry]
  1797 | D:2      | Reached XP level 4. HP: 32/32 MP: 4/7
  2256 | D:3      | Identified the +5 whip of Caruelorph {chaos, rF+ Str-4
                  | Dex+3}
  2608 | D:3      | Found a burning altar of Makhleb.
  2625 | D:3      | Found a sparkling altar of Nemelex Xobeh.
  2628 | D:3      | Found a broken altar of Ashenzari.
  2842 | D:4      | Noticed jasper's ghost (weakling GrDe)
  2927 | D:4      | Reached XP level 5. HP: 36/37 MP: 4/8
  3035 | D:4      | Found a staircase to the Ecumenical Temple.
  3069 | D:4      | Found a runed translucent gate.
  3071 | D:4      | Found a runed translucent gate.
  3077 | D:4      | Found a runed translucent gate.
  3711 | D:4      | Killed jasper's ghost
  3951 | D:5      | Entered Level 5 of the Dungeon
  3985 | D:5      | Gained mutation: You have large cloven feet. [demonic
                  | ancestry]
  3985 | D:5      | Reached XP level 6. HP: 44/44 MP: 6/10
  4235 | D:5      | Learned a level 4 spell: Airstrike
  4353 | D:5      | Reached XP level 7. HP: 51/51 MP: 3/12
  5144 | Temple   | Entered the Ecumenical Temple
  5917 | D:6      | Gained mutation: You have very sharp fingernails. [demonic
                  | ancestry]
  5917 | D:6      | Reached XP level 8. HP: 57/58 MP: 13/13
  6069 | D:6      | Found a snail-covered altar of Cheibriados.
  6083 | D:6      | Identified the +12 hand axe of the Egg {elec, Dex+3 Stlth+}
  6307 | D:6      | Found an ornate altar of the Wu Jian Council.
  6313 | D:6      | Became a worshipper of the Wu Jian Council
  6834 | D:7      | Reached skill level 1 in Axes
  6890 | D:7      | Found a flagged portal.
  6899 | D:7      | Reached skill level 5 in Air Magic
  6913 | Bailey   | Entered a bailey
  6966 | Bailey   | Gained mutation: A weak demonic guardian rushes to your
                  | aid. [demonic ancestry]
  6966 | Bailey   | Reached XP level 9. HP: 65/66 MP: 16/16
  6982 | Bailey   | Reached * piety under Wu Jian
  7008 | Bailey   | Reached skill level 5 in Dodging
  7008 | Bailey   | Reached skill level 5 in Spellcasting
  7038 | Bailey   | Noticed a gargoyle
  7047 | Bailey   | Killed a gargoyle
  7048 | Bailey   | Reached skill level 5 in Fighting
  7359 | Bailey   | Found the +2 cloak of the Thief {*Fog Slay-2 SInv Stlth+}
  7596 | D:7      | Noticed Maggie
  7607 | D:7      | Killed Maggie
  7629 | D:7      | Found a stormy altar of Qazlal.
  7884 | D:7      | Reached skill level 5 in Armour
  8018 | D:8      | Noticed Prince Ribbit
  8028 | D:8      | Killed Prince Ribbit
  8102 | D:8      | Reached XP level 10. HP: 70/76 MP: 18/18
  8124 | D:8      | Found a hide-covered altar of Uskayaw.
  8158 | D:8      | Noticed Psyche
  8164 | D:8      | Killed Psyche
  8225 | D:8      | Reached ** piety under Wu Jian
  8485 | D:8      | Noticed Joseph
  8488 | D:8      | Noticed Pikel
  8499 | D:8      | Killed Pikel
  8506 | D:8      | Killed Joseph
  9169 | D:9      | Identified the ring "Fetifet" {rN+ rCorr Str+4}
  9317 | D:9      | Reached XP level 11. HP: 78/84 MP: 16/21
  9421 | D:9      | Reached skill level 5 in Axes
  9477 | D:9      | Found a bloodstained altar of Trog.
  9517 | D:9      | Found Opyamy's Weapon Shoppe.
  9707 | D:10     | Entered Level 10 of the Dungeon
  9707 | D:10     | Found an ancient bone altar of Kikubaaqudgha.
  9764 | D:10     | Found a staircase to the Lair.
  9804 | D:10     | Reached *** piety under Wu Jian
 10353 | Lair:1   | Entered Level 1 of the Lair of Beasts
 10443 | Lair:1   | HP: 3/84 [elephant (7)]
 11390 | Lair:2   | Gained mutation: You sometimes emit foul miasma when
                  | damaged in melee. [demonic ancestry]
 11390 | Lair:2   | Reached XP level 12. HP: 92/92 MP: 23/23
 11590 | Lair:2   | Reached **** piety under Wu Jian
 12331 | Lair:3   | Found a staircase to the Snake Pit.
 12472 | Lair:3   | Found a staircase to the Shoals.
 13317 | Lair:4   | HP: 2/94 [molten gargoyle/bolt of magma (21)]
 13318 | Lair:4   | Mangled by a molten gargoyle

Illustrated notes

Levels and vault maps discovered:
D:1:      psy_arrival_radial02, layout_rooms, minmay_misc_feat_secret_circle
D:2:      layout_basic, basic_ecumenical_altar
D:3:      layout_rooms, mainiacjoe_overflow_small_starburst,
          mainiacjoe_overflow_catwalk_spiral, hangedman_decor_opposing,
          chequers_decorated_corner
D:4:      layout_loops_ring, minmay_temple_entry_from_below_a,
          gammafunk_ghost_icy
D:5:      layout_basic
D:6:      layout_cave_pools, mainiacjoe_overflow_brackets,
          nicolae_wu_jian_glorious_leap, nicolae_water_bricks
D:7:      layout_cave_pools, nicolae_tso_swordbearing_angel, marbit_many_paths,
          enter_bailey_5, uniq_maggie
D:8:      layout_loops_corners, nicolae_uskayaw_suspiria, minmay_lizard_king,
          uniq_pikel, uniq_joseph, uniq_psyche, uniq_prince_ribbit1
D:9:      layout_long_grid, bloody_trog, serial_shops, nicolae_shop_hallway_plus
D:10:     nicolae_hitomezashi [nicolae_hito_row, nicolae_hito_row,
          nicolae_hito_row, nicolae_hito_row, nicolae_hito_row,
          nicolae_hito_row, nicolae_hito_row, nicolae_hito_row,
          nicolae_hito_row, nicolae_hito_row, nicolae_hito_row,
          nicolae_hito_row, nicolae_hito_row, nicolae_hito_row,
          nicolae_hito_row, nicolae_hito_row, nicolae_hito_row,
          nicolae_hito_row], layout_loops_ring, amcnicky_altar_gilded,
          lair_entry_dummy, st_stairs_3
Temple:   minmay_temple_forest_path
Lair:1:   layout_big_grid
Lair:2:   layout_regular_city
Lair:3:   layout_small_grid, elwin_shoals_entry_rocks,
          minmay_snake_entry_guardpost_small, minivault_25,
          serial_bayou_crossing, serial_bayou_shore_a
Lair:4:   cheibrodos_magma_flow, layout_hall_layers, slime_entry_1,
          minivault_23, beast_lair_carwin_2, uniq_josephine

Skill      XL: |  1  2  3  4  5  6  7  8  9 10 11 12 |
---------------+-------------------------------------+-----
Dodging        | 2 3 4 5 6 7 8 |  8.1
Fighting       | 1 2 3 4 5 7 8 |  8.7
Armour         | 1 2 3 4 5 6 7 |  7.6
Air Magic      | 3 4 5 6 7 8 |  8.3
Conjurations   | 2 3 4 |  4.3
Spellcasting   | 3 4 5 6 7 8 |  8.0
Axes           | 2 3 4 6 |  6.7
Stealth        | |  1.7

Action                     |  1- 3 |  4- 6 |  7- 9 | 10-12 || total
---------------------------+-------+-------+-------+-------++-------
  Melee: Unarmed           |    38 |       |       |       ||    38
         Whip              |     7 |       |       |       ||     7
         Dagger            |    29 |   106 |    59 |       ||   194
         Mace              |    32 |       |       |       ||    32
         Kick              |       |    13 |    46 |   139 ||   198
         Punch             |       |     1 |     1 |     8 ||    10
         Hand axe          |       |       |   152 |   362 ||   514
   Cast: Shock             |    66 |    96 |    32 |    57 ||   251
         Static Discharge  |       |     3 |     5 |     5 ||    13
         Airstrike         |       |       |       |     1 ||     1
Ability: Lunge             |       |       |    20 |    27 ||    47
         Whirlwind         |       |       |     8 |    17 ||    25
    Use: Potion            |       |     1 |       |     1 ||     2
         Scroll            |       |       |    13 |     8 ||    21
   Stab: Sleeping          |     2 |     3 |    14 |     6 ||    25
         Distracted        |       |       |       |     1 ||     1
 Armour: Robe              |    48 |    37 |    83 |       ||   168
         Scale mail        |       |       |    22 |   199 ||   221
  Dodge: Dodged            |   106 |    69 |   166 |   278 ||   619

Table legend: (Time is in decaauts)
 A = Elapsed time spent in this place.
 B = Non-inter-level travel time spent in this place.
 C = Inter-level travel time spent in this place.
 D = Time resting spent in this place.
 E = Time spent auto-exploring this place.
 F = Levels seen in this place.
 G = Mean time per level.
                   A        B        C        D        E       F      G
               +--------+--------+--------+--------+--------+-----+--------+
         Total |  13393 |  12738 |    655 |   1773 |   8090 |  16 |  837.1 |
       Dungeon |   9416 |   8934 |    482 |   1114 |   5831 |  10 |  941.6 |
        Temple |    434 |    359 |     75 |      0 |    345 |   1 |  434.0 |
          Lair |   2997 |   2899 |     98 |    484 |   1809 |   4 |  749.2 |
        Bailey |    545 |    545 |      0 |    175 |    105 |   1 |  545.0 |
               +--------+--------+--------+--------+--------+-----+--------+

Top non-repeatable levels by time:
     D:1: 1305 daAuts
     D:5: 1274 daAuts
  Lair:2: 1182 daAuts
     D:6: 1153 daAuts
     D:4: 1130 daAuts
     D:8: 971 daAuts
  Lair:3: 964 daAuts
     D:2: 865 daAuts
     D:9: 792 daAuts
  Lair:1: 731 daAuts
     D:3: 679 daAuts
    D:10: 647 daAuts
     D:7: 596 daAuts
  Bailey: 545 daAuts
  Temple: 434 daAuts
